AoeStats
← DKing

Lombardia

509479276Analyzed
4v4 RM · 6d ago on Sep 26, 2026· 56m 35s· 8 players
Game mode
Random Map
Map size
Large (8 player)
Population
200
Speed
Normal
Resources
Standard
Victory
Conquest
Starting age
Dark Age
Ending age
Imperial Age
RankedLock teamsTeams togetherTeam positionsShared explorationLock speedFull tech treeHidden civsTurbo modeCheats
Victory
Defeat
🇦🇷 Poles · Argentina
1438
+8
🇲🇽 Spanish · Mexico
1276
+14
🇻🇪 Italians · Venezuela
1237
+16
🇨🇴 Berbers · Colombia
1200
+18
🇪🇸 Tupi · Spain
1261
-15
🇵🇹 Hindustanis · Portugal
1253
-14
🇲🇽 Huns · Mexico
1237
-14
🇩🇪 Celts · Germany
1223
-13
derquatze
7:45 Loom
11:58 Feudal Age
12:38 Double-Bit Axe
17:04 Wheelbarrow
20:13 Castle Age
18:54 Horse Collar
19:48 Gold Mining
23:57 Heavy Plow
24:09 Bow Saw
25:04 Pikeman
25:59 Scale Mail Armor
27:07 Stone Mining
28:18 Forging
30:43 Hand Cart
38:00 Imperial Age
36:31 Chain Mail Armor
36:51 Iron Casting
36:04 Gambesons
35:39 Man-at-Arms
36:19 Fletching
36:29 Padded Archer Armor
36:59 Town Watch
38:12 Scale Barding Armor
38:04 Elite Woad Raider
39:06 Capped Ram
40:27 Plate Mail Armor
41:13 Gold Shaft Mining
41:13 Stone Shaft Mining
42:47 Blast Furnace
41:42 Bodkin Arrow
42:05 Halberdier
43:24 Leather Archer Armor
51:14 Caravan
52:22 Siege Ram
53:14 Onager
53:17 Heavy Scorpion
DKing
4:14 Loom
11:08 Feudal Age
15:04 Castle Age
13:45 Double-Bit Axe
13:41 Horse Collar
19:04 Wheelbarrow
23:19 Bow Saw
23:58 Heavy Plow
23:57 Town Watch
25:12 Gold Mining
25:08 Pikeman
26:33 Hand Cart
27:11 Gold Shaft Mining
31:30 Imperial Age
29:15 Husbandry
29:09 Stone Mining
30:38 Light Cavalry
31:29 Bloodlines
31:35 Hussar
33:35 Conscription
34:28 Scale Barding Armor
34:56 Caravan
36:29 Two-Man Saw
35:53 Heavy Camel Rider
37:30 Hoardings
38:51 Chemistry
38:12 Ballistics
37:49 Murder Holes
38:51 Chain Barding Armor
38:42 Forging
40:19 Plate Barding Armor
40:16 Elite Skirmisher
40:30 Imperial Camel Rider
42:56 Iron Casting
42:22 Padded Archer Armor
43:08 Fletching
46:06 Scale Mail Armor
47:07 Blast Furnace
46:11 Scale Mail Armor
49:23 Chain Mail Armor
54:40 Siege Elephant
agr
7:53 Loom
10:28 Feudal Age
15:51 Double-Bit Axe
20:46 Wheelbarrow
22:09 Gold Mining
26:25 Castle Age
28:45 Bow Saw
28:19 Treadmill Crane
29:00 Ballistics
31:14 Imperial Age
30:09 Hand Cart
29:45 Horse Collar
30:51 Murder Holes
31:17 Fletching
33:12 Chemistry
32:12 Bodkin Arrow
33:18 Bracer
33:45 Conscription
33:31 Stone Mining
33:58 Padded Archer Armor
36:23 Town Watch
36:57 Leather Archer Armor
38:27 Two-Man Saw
40:26 Ring Archer Armor
40:06 Forging
41:20 Gold Shaft Mining
Avila1997
7:44 Loom
10:12 Feudal Age
14:56 Castle Age
14:11 Double-Bit Axe
15:11 Fletching
31:57 Bow Saw
32:04 Horse Collar
35:16 Wheelbarrow
35:24 Heavy Plow
35:16 Gold Mining
36:33 Hand Cart
40:51 Imperial Age
39:06 Gold Shaft Mining
38:38 Scale Barding Armor
38:44 Forging
39:02 Husbandry
39:13 Bloodlines
40:08 Chain Barding Armor
41:08 Iron Casting
42:07 Plate Barding Armor
40:54 Cavalier
42:58 Chemistry
41:27 Light Cavalry
42:33 Paladin
47:22 Blast Furnace
47:48 Hussar
53:15 Scale Mail Armor
54:19 Squires
54:40 Chain Mail Armor
54:15 Pikeman
55:21 Halberdier
55:29 Elite Skirmisher
56:15 Thumb Ring
56:06 Bodkin Arrow
56:12 Padded Archer Armor
JAGR | CIHUACOATL
10:50 Feudal Age
12:59 Wheelbarrow
12:12 Loom
14:50 Castle Age
13:50 Double-Bit Axe
16:12 Bow Saw
16:44 Padded Archer Armor
24:59 Fervor
27:38 Town Watch
29:09 Horse Collar
30:23 Husbandry
30:33 Bloodlines
31:46 Wheelbarrow
34:15 Imperial Age
34:33 Imperial Age
32:57 Hand Cart
32:42 Town Patrol
32:54 Forging
32:49 Scale Barding Armor
33:36 Scale Barding Armor
34:40 Iron Casting
33:56 Fletching
34:21 Leather Archer Armor
34:06 Gold Mining
34:06 Stone Mining
34:19 Heavy Plow
34:41 Murder Holes
35:07 Ballistics
36:46 Chemistry
36:08 Chain Barding Armor
36:49 Blast Furnace
35:14 Cavalier
37:57 Plate Barding Armor
36:45 Paladin
37:51 Conscription
40:01 Two-Man Saw
48:01 Caravan
49:16 Scale Mail Armor
53:14 Chain Mail Armor
54:01 Light Cavalry
54:45 Hussar
56:56 Bodkin Arrow
57:31 Ring Archer Armor
JAGR | HIPERYON
11:01 Loom
12:46 Feudal Age
18:39 Castle Age
17:05 Horse Collar
17:15 Double-Bit Axe
20:29 Bow Saw
21:38 Fletching
23:28 Gold Mining
24:47 Town Watch
25:04 Bodkin Arrow
25:20 Padded Archer Armor
29:04 Ballistics
28:51 Thumb Ring
29:39 Gold Shaft Mining
29:46 Leather Archer Armor
33:08 Wheelbarrow
32:45 Treadmill Crane
33:16 Fortified Wall
34:12 Kasbah
34:23 Heavy Plow
38:51 Imperial Age
37:45 Hand Cart
39:26 Caravan
39:58 Conscription
40:27 Bracer
40:58 Ring Archer Armor
43:36 Stone Mining
43:12 Elite Camel Archer
45:50 Chemistry
47:11 Crop Rotation
46:50 Siege Engineers
49:49 Maghrebi Camels
50:38 Stone Shaft Mining
52:11 Masonry
51:49 Arrowslits
JAGR | GoodByeWorld
11:26 Feudal Age
9:45 Loom
16:56 Castle Age
15:37 Double-Bit Axe
20:32 Horse Collar
21:37 Loom
23:36 Wheelbarrow
23:13 Bow Saw
23:07 Heavy Plow
24:56 Fletching
27:02 Hand Cart
28:14 Town Watch
28:38 Gold Mining
28:43 Stone Mining
30:38 Ballistics
30:15 Bodkin Arrow
30:21 Padded Archer Armor
34:03 Imperial Age
33:53 Stone Shaft Mining
33:36 Leather Archer Armor
33:19 Murder Holes
34:56 Elite Genoese Crossbowman
35:51 Bracer
37:57 Chemistry
41:04 Crop Rotation
42:00 Silk Road
44:12 Ring Archer Armor
43:26 Treadmill Crane
43:56 Masonry
47:04 Hoardings
46:51 Conscription
53:27 Scale Mail Armor
56:30 Squires
[JAGR] GORDAZO
8:55 Feudal Age
8:12 Loom
9:31 Double-Bit Axe
21:27 Castle Age
19:18 Horse Collar
20:31 Bloodlines
20:43 Scale Barding Armor
22:11 Forging
22:37 Bow Saw
22:24 Gold Mining
23:18 Heavy Plow
31:40 Wheelbarrow
30:53 Town Watch
36:53 Imperial Age
35:16 Szlachta Privileges
36:11 Husbandry
37:33 Chain Barding Armor
37:04 Cavalier
38:52 Crop Rotation
39:07 Caravan
40:35 Iron Casting
42:32 Blast Furnace
42:53 Hand Cart
42:25 Town Watch
42:30 Light Cavalry
44:15 Winged Hussar
47:29 Town Watch
48:49 Conscription
49:09 Lechitic Legacy
52:06 Elite Obuch
54:16 Town Patrol
Connection lost

Rejoining the realm…

Still unreachable

The connection could not be restored.

Session expired

The server has moved on; the page needs a fresh start.